 Dungeon Crawl Stone Soup version 0.29-a0-690-g32ab5fea29 (console) character file.

Game seed: 1575006186457814162

182 Banquo the Magician (level 5, 0/40 HPs)
             Began as a Djinni Cinder Acolyte on June 25, 2022.
             Was a High Priest of Ignis.
             Slain by Grinder (1 damage)
             ... while paralysed by Grinder
             ... on level 3 of the Dungeon.
             The game lasted 00:08:51 (4074 turns).

Banquo the Magician (Djinni Cinder Acolyte)         Turns: 4074, Time: 00:08:52

Health: 0/40       AC:  2    Str: 13    XL:     5   Next: 93%
Gold:   101        EV:  2    Int: 17    God:    Ignis [*****.] SH:  0 Dex: 15

rFire   + + +      SeeInvis .   a - -1 short sword (flame)
rCold   . . .      Faith    .   i - +0 buckler
rNeg    . . .      Spirit   .   b - +0 robe
rPois   ∞          Reflect  .   (no helmet)
rElec   .          Harm     .   (no cloak)
rCorr   .          Rampage  .   (no gloves)
Will    .....                   (boots unavailable)
Stlth   +.........              (no amulet)
HPRegen 0.13/turn               f - +6 ring of dexterity
MPRegen 0.00/turn               C - ring of protection from cold

@: paralysed, flying
A: sickness immunity, fire resistance 2, cold vulnerability 1, float, innate
caster, HP casting, extra vitality 1
a: Renounce Religion, Fiery Armour, Foxfire Swarm, Rising Flame


You were on level 3 of the Dungeon.
You worshipped Ignis.
Ignis was extremely pleased with you.
You visited 1 branch of the dungeon, and saw 3 of its levels.

You collected 101 gold pieces.

Inventory:

Hand Weapons
 a - a -1 short sword of flaming (weapon)
 d - a +0 spear
 m - a +0 rapier
 p - a +0 short sword
 q - a +0 war axe
 s - a +0 trident
Missiles
 j - 2 throwing nets
 n - 35 stones
 o - 5 poisoned darts
Armour
 b - a +0 robe (worn)
 i - a +0 buckler (worn)
Jewellery
 f - a +6 ring of dexterity (left hand)
 v - a ring of positive energy
 C - a ring of protection from cold (right hand)
Wands
 A - a wand of flame (24)
Scrolls
 e - a scroll of amnesia {unknown}
 k - 3 scrolls of identify {unknown}
 t - a scroll of immolation {unknown}
 y - a scroll of magic mapping {unknown}
Potions
 c - a potion of magic {unknown}
 g - 2 potions of curing {unknown}
 h - 3 potions of haste
 l - a potion of brilliance {unknown}
 r - a potion of might {unknown}
 u - a potion of berserk rage {unknown}
 w - a potion of mutation {unknown}
 x - a potion of attraction {unknown}
 z - a potion of lignification {unknown}


   Skills:
 * Level 3.6 Fighting
 - Level 2.6 Short Blades
 * Level 1.3 Shields
 * Level 4.2 Spellcasting


You had 7 spell levels left.
You knew the following spells:

 Your Spells              Type           Power      Damage    Failure   Level
a - Scorch                Fire           36%        2d7       5%          2
b - Summon Small Mammal   Summ           72%        N/A       3%          1
z - Poisonous Vapours     Pois/Air       36%        N/A       5%          2
Your spell library was empty.

Dungeon Overview and Level Annotations

Branches:
Dungeon (3/15)

Altars:

Shops:
D:1 [

Annotations:
D:3 Grinder


Innate Abilities, Weirdness & Mutations

You are immune to sickness and miasma.
You are immune to poison.
Your flesh is very heat resistant. (rF++)
You are vulnerable to cold. (rC-)
You float through the air rather than walking.
You learn spells naturally, not from books.
Your magical power is your life essence.
You have superior vitality. (+4 MHP)


Message History

You see here 5 stones.
Casting: Scorch (safe; 5% risk of failure)
Confirm with . or Enter, or press ? or * to list all spells.
Grinder gestures at you. Pain shoots through your body!
Casting: Scorch (safe; 5% risk of failure)
Press: ? - help, Q - select action, (/) - cycle Dir - look around, f - activate Flames lash Grinder.
Grinder is lightly wounded.
Grinder's fire resistance burns away.
Grinder hits your quokka.
Your quokka writhes in agony.
Your quokka dies!
Your quokka's corpse disappears in a puff of smoke!
Casting: Scorch (safe; 5% risk of failure)
Press: ? - help, Q - select action, (/) - cycle Dir - look around, f - activate Flames lash Grinder.
Grinder is burned terribly!
Grinder is moderately wounded.
Grinder gestures at you. Pain shoots through your body!
* * * LOW HITPOINT WARNING * * *
Casting: Scorch (safe; 5% risk of failure)
Press: ? - help, Q - select action, (/) - cycle Dir - look around, f - activate Flames lash Grinder.
Grinder is burned terribly!
Grinder is heavily wounded.
* * * LOW HITPOINT WARNING * * *
Your quokka closely misses Grinder.
Grinder says, "Mostly I couldn't keep them alive."
Casting: Scorch (safe; 5% risk of failure)
Press: ? - help, Q - select action, (/) - cycle Dir - look around, f - activate Flames lash Grinder.
Grinder is burned terribly!
Grinder is severely wounded.
* * * LOW HITPOINT WARNING * * *
Your quokka bites Grinder.
Grinder gestures at you.
You suddenly lose the ability to move!
Your quokka bites Grinder but does no damage.
Grinder hits you!
* * * LOW HITPOINT WARNING * * *
You writhe in agony.
You die...

####
####...
#.....#
##$....##
.......
#.####....#
..5...r...#
#5(..#
#@...#
##.#.#
#.#[# #...#
##..#
#..####^##
##........
#.#####..
#.# #+#


You could see Grinder (combustible, ally target) and a friendly quokka
(summoned).

Vanquished Creatures
  Jessica (D:3)
  Natasha (thrice) (D:2)
  2 adders
  2 worms (D:2)
  6 endoplasms
  2 giant cockroaches
  4 goblins
  2 hobgoblins (D:2)
  3 jackals (D:1)
  2 quokkas (D:1)
  10 ball pythons
  5 bats
  4 frilled lizards
  8 kobolds
  4 rats
58 creatures vanquished.

Notes
Turn   | Place    | Note
-------+----------+-------------------------------------------
     0 | D:1      | Banquo the Djinni Cinder Acolyte began the quest for the
                  | Orb.
     0 | D:1      | Banquo set off with the following spells memorised: Scorch.
     0 | D:1      | Reached XP level 1. HP: 20/20 MP: 0/0
   119 | D:1      | Reached XP level 2. HP: 15/25 MP: 0/0
   678 | D:1      | Reached XP level 3. HP: 21/30 MP: 0/0
   678 | D:1      | Learned a level 1 spell: Summon Small Mammal
  1032 | D:1      | Reached skill level 3 in Spellcasting
  1138 | D:1      | Found Sokhlafa's Armour Emporium.
  1195 | D:1      | Found a faded altar of an unknown god.
  1761 | D:2      | Reached XP level 4. HP: 28/35 MP: 0/0
  2733 | D:2      | Noticed Natasha
  2742 | D:2      | Killed Natasha
  2743 | D:2      | Reached skill level 1 in Shields
  2889 | D:2      | Noticed Natasha
  2895 | D:2      | Killed Natasha
  2896 | D:2      | Reached XP level 5. HP: 34/40 MP: 0/0
  2896 | D:2      | Learned a level 2 spell: Poisonous Vapours
  3354 | D:2      | Noticed Natasha
  3360 | D:2      | Killed Natasha
  3361 | D:2      | Reached skill level 4 in Spellcasting
  3994 | D:3      | Noticed Jessica
  4000 | D:3      | Killed Jessica
  4065 | D:3      | Noticed Grinder
  4073 | D:3      | Paralysed by Grinder for 2 turns
  4074 | D:3      | HP: 1/40 [Grinder (7)]
  4074 | D:3      | Slain by Grinder

Illustrated notes

Levels and vault maps discovered:
D:1:      minmay_arrival_nine_rooms, layout_loops_ring,
          chequers_ecumenical_altar_island, serial_shops, shop
D:2:      layout_loops_corners, grunt_ministairs_1, uniq_natasha
D:3:      layout_basic, lemuel_tele_altar, portal_sewer_entry_e,
          minmay_strange_pillars, uniq_crazy_yiuf_cottage, uniq_jessica,
          uniq_grinder

Skill      XL: |  1  2  3  4  5 |
---------------+----------------+-----
Spellcasting   | 3 4 |  4.2
Shields        | 1 |  1.3
Fighting       | |  3.6
Short Blades   | |  2.6

Action                   |  1- 3 |  4- 6 || total
-------------------------+-------+-------++-------
Melee: Short sword       |    22 |       ||    22
 Cast: Scorch            |    35 |    37 ||    72
       Summon Small Mamm |     2 |    16 ||    18
       Poisonous Vapours |       |     3 ||     3
Armor: Robe              |     6 |       ||     6
Dodge: Dodged            |    18 |       ||    18

Table legend: (Time is in decaauts)
 A = Elapsed time spent in this place.
 B = Non-inter-level travel time spent in this place.
 C = Inter-level travel time spent in this place.
 D = Time resting spent in this place.
 E = Time spent auto-exploring this place.
 F = Levels seen in this place.
 G = Mean time per level.
                   A        B        C        D        E       F      G
               +--------+--------+--------+--------+--------+-----+--------+
         Total |   4070 |   3943 |    127 |     10 |   3366 |   3 | 1356.7 |
       Dungeon |   4070 |   3943 |    127 |     10 |   3366 |   3 | 1356.7 |
               +--------+--------+--------+--------+--------+-----+--------+

Top non-repeatable levels by time:
     D:2: 2512 daAuts
     D:1: 1364 daAuts
     D:3: 193 daAuts
